 Dungeon Crawl Stone Soup version 0.28.0-43-g3370ac3207 (webtiles) character file.

Game seed: 5983834936233418334

1593 hawla the Conjurer (level 8, -1/59 HPs)
             Began as a Red Draconian Conjurer on Feb 28, 2022.
             Was a Follower of Vehumet.
             Killed from afar by an electric eel (8 damage)
             ... with a bolt of electricity
             ... on level 7 of the Dungeon on Mar 1, 2022.
             The game lasted 00:27:11 (8894 turns).

hawla the Conjurer (Red Draconian Conjurer)         Turns: 8894, Time: 00:27:12

Health: -1/59      AC:  7    Str: 15    XL:     8   Next: 62%
Magic:  8/15       EV: 11    Int: 27    God:    Vehumet [*.....]
Gold:   838        SH:  4    Dex: 10    Spells: 3/17 levels left

rFire   + + .      SeeInvis .   c - +1 whip (protect)
rCold   . . .      Faith    .   k - +0 buckler
rNeg    + . .      Spirit   .   (armour unavailable)
rPois   +          Reflect  .   f - +1 hat "Pyosep" {rN+ Str+6}
rElec   .          Harm     .   (no cloak)
rCorr   .          Rampage  .   (no gloves)
Will    .....                   (no boots)
Stlth   ++........              (no amulet)
HPRegen 0.19/turn               m - ring of poison resistance
MPRegen 0.14/turn               a - +6 ring of intelligence

@: mighty, brilliant
A: breathe fire, AC +6, unfitting armour, fire resistance 2, cold-blooded, horns
1, frail 1
a: Breathe Fire, Renounce Religion


You were on level 7 of the Dungeon.
You worshipped Vehumet.
Vehumet was aware of your devotion.
You visited 2 branches of the dungeon, and saw 8 of its levels.

You collected 1258 gold pieces.
You spent 420 gold pieces at shops.

Inventory:

Hand Weapons
 c - a +1 whip of protection (weapon)
Missiles
 e - 2 javelins (quivered)
 l - 3 boomerangs
Armour
 f - the +1 hat "Pyosep" (worn) {rN+ Str+6}
   (You acquired it on level 5 of the Dungeon)

   Str:       It affects your strength (+6).
   rN:        It protects you from negative energy.
 k - a +0 buckler (worn)
Jewellery
 a - a +6 ring of intelligence (right hand)
 m - a ring of poison resistance (left hand)
 n - a ring of fire
Wands
 d - a wand of paralysis (12)
 j - a wand of flame (20)
Scrolls
 h - a scroll of fog
 o - 2 scrolls of identify
 q - a scroll of magic mapping
Potions
 b - a potion of cancellation
 g - a potion of mutation
 i - a potion of might


   Skills:
 - Level 4.0 Fighting
 - Level 1.0 Throwing
 - Level 2.5 Dodging
 - Level 2.0 Stealth
 - Level 4.0 Shields
 + Level 5.0 Spellcasting
 + Level 7.0 Conjurations
 + Level 1.2 Necromancy
 + Level 1.2 Translocations
 + Level 3.9 Fire Magic
 - Level 1.0 Evocations


You had 3 spell levels left.
You knew the following spells:

 Your Spells              Type           Power      Damage    Failure   Level
a - Magic Dart            Conj           100%       1d8       1%          1
b - Searing Ray           Conj           100%       2d8       1%          2
c - Iskenderun's Mystic   Conj/Tloc      43%        2d10      17%         4
d - Vampiric Draining     Necr           19%        2d7       17%         3
e - Dispel Undead         Necr           19%        3d11      50%         4

Your spell library contained the following spells:

 Spells                   Type           Power      Damage    Failure   Level
 Shock                    Conj/Air       100%       1d9       2%          1
 Dazzling Flash           Conj/Hex       76%        N/A       6%          3
 Slow                     Hex            40%        N/A       9%          1
 Corpse Rot               Necr/Air       30%        N/A       11%         2
 Mephitic Cloud           Conj/Pois/Air  29%        N/A       11%         3
 Call Imp                 Summ           10%        N/A       14%         2
 Confusing Touch          Hex            10%        N/A       26%         3
 Fulminant Prism          Conj/Hex       19%        3d11      22%         4
 Starburst                Conj/Fire      26%        6d8       82%         6
 Death Channel            Necr           9%         N/A       100%        6


Dungeon Overview and Level Annotations

Branches:
Dungeon (7/15)             Temple (1/1) D:4

Altars:
Ashenzari
Cheibriados
Dithmenos
Elyvilon
Fedhas
Hepliaklqana
Kikubaaqudgha
Makhleb
Nemelex Xobeh
Okawaru
Qazlal
Sif Muna
Trog
Uskayaw
Vehumet
Wu Jian
Xom
Yredelemnul
Zin
The Shining One
Beogh

Shops:
D:6 *

Annotations:
D:2 Terence
D:4 3 runed translucent doors, Diggabert's ghost, amateur FoFi
D:6 Edmund
D:7 Dowan; Duvessa; Maggie


Innate Abilities, Weirdness & Mutations

You can breathe blasts of fire.
Your fiery red scales are hard. (AC +6)
You cannot fit into any form of body armour.
Your flesh is very heat resistant. (rF++)
You are cold-blooded and may be slowed by cold attacks.
You have a pair of small horns on your head.
You are frail. (-10% HP)


Message History

Dowan is moderately wounded.
Dowan is knocked back by the mystic blast.
Unknown command.
The electric eel shoots out a bolt of lightning at you!
The bolt of electricity misses you. The bolt of electricity hits you!
An electric eel comes into view.
You enter the shallow water.
Moving in this stuff is going to be slow.
The electric eel shoots out a bolt of lightning at you!
The bolt of electricity hits you!
An electric eel comes into view.
The electric eel moves out of view.
A bullfrog comes into view.
The bullfrog croaks.
Duvessa hits you but does no damage.
The electric eel shoots out a bolt of lightning at you!
The bolt of electricity hits Duvessa!
The bolt of electricity hits you! The bolt of electricity hits you.
Maggie the Vainglorious comes into view.
She is wielding a +0 glaive and carrying a wand of iceblast (6).
It was a potion of mutation.
You feel extremely strange. A pair of horns grows on your head!
You feel frail.
You feel more resistant to heat.
Maggie gives herself a magical halo, but it quickly sputters out.
Duvessa misses you.
It was a potion of might.
You feel very mighty all of a sudden.
The electric eel shoots out a bolt of lightning at you!
The bolt of electricity hits the bullfrog!
The bolt of electricity hits you. The bolt of electricity hits you!
* * * LOW HITPOINT WARNING * * *
The bullfrog barely misses you. You block Duvessa's attack.
It was a potion of brilliance.
You feel clever all of a sudden.
The bullfrog hits you but does no damage.
The electric eel shoots out a bolt of lightning at you!
The bolt of electricity hits the bullfrog!
The bolt of electricity hits you!
* * * LOW HITPOINT WARNING * * *
The bolt of electricity hits you!
You die...

####
#≈≈≈######.###
♣≈.@e.....#
♣≈≈P≈♣♣#F.#.#.#
≈≈≈≈≈≈≈ ≈..S≈#
....... ....≈≈P.#
≈PS≈≈≈≈≈e≈.≈SPP♣#
≈≈≈≈≈≈≈≈≈≈@≈≈≈≈P♣
≈≈≈≈≈≈≈≈≈≈.≈≈P≈≈≈♣
.##♣♣♣♣P≈≈.≈≈≈PP≈≈


You could see Maggie, Duvessa, a bullfrog and 2 electric eels.

Vanquished Creatures
  Eustachio (D:6)
  An orc warrior (D:6)
  2 ogres
  A black bear (D:6)
  2 phantoms
  A bullfrog (D:6)
  A scorpion (D:5)
  A water moccasin zombie (D:6)
  A wyvern skeleton (D:5)
  5 wights (D:6)
  2 jellies
  4 hounds
  A gnoll shaman (D:5)
  A centaur skeleton (D:5)
  An iguana (D:4)
  A hound skeleton (D:5)
  4 gnolls (D:5)
  6 adders
  An adder skeleton (D:4)
  3 worms
  7 dart slugs
  13 orcs
  4 ball pythons
  7 bats
  10 endoplasms
  A giant cockroach (D:2)
  3 goblins
  10 hobgoblins
  9 jackals
  3 kobolds
  4 quokkas
  2 frilled lizards
  6 rats
119 creatures vanquished.

Notes
Turn   | Place    | Note
-------+----------+-------------------------------------------
     0 | D:1      | hawla the Draconian Conjurer began the quest for the Orb.
     0 | D:1      | Reached XP level 1. HP: 14/14 MP: 3/3
   229 | D:1      | Found a faded altar of an unknown god.
   357 | D:1      | Reached XP level 2. HP: 20/20 MP: 0/5
   360 | D:1      | Learned a level 2 spell: Searing Ray
  1043 | D:1      | Reached XP level 3. HP: 26/26 MP: 1/6
  2130 | D:2      | Noticed Terence
  2751 | D:3      | Reached XP level 4. HP: 33/33 MP: 1/7
  2806 | D:2      | Learned a level 4 spell: Iskenderun's Mystic Blast
  3473 | D:3      | You fall into a shaft and drop 3 floors!
  3496 | D:5      | Entered Level 5 of the Dungeon
  3571 | D:5      | Found a blossoming altar of Fedhas.
  3740 | D:4      | Reached skill level 5 in Conjurations
  4158 | D:4      | Identified a scroll of acquirement
  4158 | D:4      | Acquired 928 gold pieces
  4348 | D:4      | Found a staircase to the Ecumenical Temple.
  4375 | D:4      | Reached XP level 5. HP: 28/38 MP: 3/10
  4377 | Temple   | Entered the Ecumenical Temple
  4552 | Temple   | Became a worshipper of Vehumet
  4714 | D:4      | Learned a level 3 spell: Vampiric Draining
  5454 | D:4      | Found a runed translucent gate.
  5454 | D:4      | Found a runed translucent gate.
  5454 | D:4      | Found a runed translucent gate.
  5458 | D:4      | Noticed Diggabert's ghost (amateur FoFi)
  5459 | D:4      | Identified the +0 whip of Poheutom {drain, *Corrode rN++
                  | Dex+9}
  5459 | D:4      | Identified the +1 ring mail of the Sun {Harm Int-2 Stlth+}
  5869 | D:5      | Reached XP level 6. HP: 39/46 MP: 0/12
  5957 | D:5      | Found an iron altar of Okawaru.
  5970 | D:5      | Reached skill level 1 in Fighting
  6246 | D:5      | Reached skill level 6 in Conjurations
  6375 | D:5      | Your scales start taking on a fiery red colour.
  6375 | D:5      | Reached XP level 7. HP: 40/52 MP: 6/14
  6375 | D:5      | Gained mutation: Your flesh is heat resistant. (rF+) [Red
                  | Draconian growth]
  6375 | D:5      | Acquired the +1 hat "Pyosep" {rN+ Str+6}
  6813 | D:5      | Reached skill level 1 in Shields
  6949 | D:5      | Reached skill level 1 in Necromancy
  6949 | D:5      | Reached skill level 1 in Translocations
  6955 | D:5      | Reached skill level 1 in Throwing
  7213 | D:6      | Reached skill level 5 in Spellcasting
  7326 | D:6      | Noticed Eustachio
  7549 | D:6      | Killed Eustachio
  7763 | D:6      | Reached * piety under Vehumet
  7763 | D:6      | Offered knowledge of Shock by Vehumet.
  7766 | D:6      | Reached XP level 8. HP: 61/63 MP: 5/15
  7784 | D:6      | Reached skill level 7 in Conjurations
  7815 | D:6      | Reached skill level 1 in Fire Magic
  8243 | D:6      | Reached skill level 1 in Evocations
  8507 | D:6      | Found Wywuunn's Wicked Wares.
  8516 | D:6      | Bought a book of Decay for 420 gold pieces
  8521 | D:6      | Learned a level 4 spell: Dispel Undead
  8703 | D:6      | Noticed Edmund
  8884 | D:7      | Noticed Duvessa
  8885 | D:7      | Noticed Dowan
  8891 | D:7      | Noticed Maggie
  8892 | D:7      | Gained mutation: You have a pair of small horns on your
                  | head. [potion of mutation]
  8892 | D:7      | Gained mutation: You are frail. (-10% HP) [potion of
                  | mutation]
  8892 | D:7      | Gained mutation: Your flesh is very heat resistant. (rF++)
                  | [potion of mutation]
  8894 | D:7      | Killed from afar by an electric eel

Illustrated notes

Levels and vault maps discovered:
D:1:      eino_arrival_druids_welcome, layout_loops_cross,
          shapermc_ecumenical_altar_notcrosses
D:2:      layout_rooms, uniq_terence
D:3:      layout_basic
D:4:      layout_basic, minmay_temple_entry_glass, serial_rivers,
          chequers_serial_rivers_large_b, chequers_serial_rivers_small_a,
          chequers_serial_rivers_marsh, chequers_serial_rivers_micro_d,
          chequers_serial_rivers_room_a, chequers_serial_rivers_small_3,
          biasface_ghost_orc_armoury
D:5:      layout_loops_corners, fedhas_altar_1, nicolae_overflow_crystal_walls
D:6:      layout_loops_corners, nicolae_evil_shop, uniq_eustachio, uniq_edmund
D:7:      layout_loops_corners, serial_bayou, serial_bayou_pond_d,
          serial_bayou_pond_a, serial_bayou_lake_a, serial_bayou_shore_b,
          serial_bayou_lagoon_b, minmay_misc_feat_room, uniq_duvessa,
          uniq_maggie, uniq_menkaure
Temple:   compressed_dpeg_circular_temple

Skill      XL: |  1  2  3  4  5  6  7  8 |
---------------+-------------------------+-----
Dodging        | 2 |  2.5
Stealth        | 2 |  2.0
Spellcasting   | 3 4 5 |  5.0
Conjurations   | 5 6 7 |  7.0
Fighting       | 1 3 4 |  4.0
Shields        | 2 4 |  4.0
Necromancy     | 1 |  1.2
Translocations | 1 |  1.2
Throwing       | 1 |  1.0
Fire Magic     | 3 |  3.9
Evocations     | 1 |  1.0

Action                   |  1- 3 |  4- 6 |  7- 9 || total
-------------------------+-------+-------+-------++-------
Melee: Unarmed           |    44 |    43 |       ||    87
       Tailslap          |     5 |    11 |     6 ||    22
       Whip              |       |    16 |    53 ||    69
 Cast: Magic Dart        |    40 |    23 |     6 ||    69
       Searing Ray       |    34 |    30 |    23 ||    87
       Iskenderun's Myst |       |     4 |     8 ||    12
       Vampiric Draining |       |     4 |       ||     4
  Use: Scroll            |     4 |     7 |     5 ||    16
       Potion            |       |     2 |     3 ||     5
Armor: Skin              |    19 |    27 |    28 ||    74
Dodge: Dodged            |    68 |    38 |    38 ||   144
Block: Buckler           |       |    11 |    12 ||    23
